 Dungeon Crawl Stone Soup version 0.31-a0-473-g61b50ae490 (webtiles) character file.

Game seed: 2665862288439934138

8705 lessens the Cleaver (level 11, -4/81 HPs)
             Began as a Demonspawn Fighter on Aug 6, 2023.
             Was a High Priest of Okawaru.
             Slain by a troll (6 damage)
             ... on level 10 of the Dungeon on Aug 7, 2023.
             The game lasted 00:16:58 (13175 turns).

lessens the Cleaver (Demonspawn Fighter)           Turns: 13175, Time: 00:16:58

Health: -4/81      AC: 13    Str: 23    XL:     11   Next: 13%
Magic:  16/16      EV:  8    Int: 10    God:    Okawaru [*****.]
Gold:   506        SH:  8    Dex: 12    Spells: 10/10 levels left

rFire   . . .        B - +0 whip (elec)
rCold   . . .        t - +0 kite shield
rNeg    . . .        b - +0 scale mail
rPois   +            J - +0 helmet
rElec   .            n - +0 cloak of a Billion Tales {Str+2 Slay+3}
rCorr   .            F - +0 pair of gloves
SInv    .            p - +0 pair of boots
Will    .....        (no amulet) Stlth
                     K - ring of poison resistance
HPRegen 0.33/turn    (no ring)
MPRegen 0.15/turn

%: no passive effects
@: mighty
A: slimy green scales 1, spiny 1, condensation shield, weakness stinger 1
a: Renounce Religion, Heroism, Finesse, Duel


You were on level 10 of the Dungeon.
You worshipped Okawaru.
Okawaru was extremely pleased with you.
You visited 2 branches of the dungeon, and saw 11 of its levels.

You collected 506 gold pieces.

Inventory:

Hand Weapons
 a - a +0 war axe
 c - a +3 battleaxe
 B - a +0 whip of electrocution (weapon)
Missiles
 f - 112 stones
 g - 43 poisoned darts
 i - 3 throwing nets
 o - 12 javelins
 D - a curare-tipped dart (quivered)
 E - 3 boomerangs
Armour
 b - a +0 scale mail (worn)
 n - the +0 cloak of a Billion Tales (worn) {Str+2 Slay+3}
   (Okawaru gifted it to you on level 10 of the Dungeon)

   Str:       It affects your strength (+2).
   Slay:      It affects your accuracy & damage with ranged weapons and melee
   (+3).
 p - a +0 pair of boots (worn)
 t - a +0 kite shield (worn)
 F - a +0 pair of gloves (worn)
 J - a +0 helmet (worn)
Jewellery
 K - a ring of poison resistance (left hand)
Wands
 C - a wand of digging (5)
 G - a wand of iceblast (13)
Scrolls
 d - a scroll of identify
 h - a scroll of enchant weapon {unknown}
 j - 3 scrolls of revelation
 k - a scroll of poison {unknown}
 l - a scroll of fear {unknown}
 r - 2 scrolls of amnesia {unknown}
 s - a scroll of fog {unknown}
 u - a scroll of torment {unknown}
 v - 2 scrolls of butterflies
 w - a scroll of enchant armour {unknown}
 A - a scroll of immolation
 I - a scroll of vulnerability {unknown}
 N - a scroll of brand weapon {unknown}
Potions
 e - a potion of resistance
 m - 3 potions of curing
 q - a potion of ambrosia {unknown}
 x - 2 potions of attraction {unknown}
 z - 2 potions of mutation {unknown}
 H - a potion of heal wounds {unknown}
 L - a potion of brilliance {unknown}
 M - a potion of enlightenment


   Skills:
 - Level 5.9 Fighting
 * Level 14.1 Axes
 - Level 2.6 Armour
 - Level 2.6 Shields
 + Level 7.9 Invocations


You had 10 spell levels left.
You didn't know any spells.
Your spell library contained the following spells:

 Spells                   Type           Power      Damage    Failure   Level
 Sting                    Tmut/Pois      0%         1d3       91%         1
 Poisonous Vapours        Pois/Air       0%         N/A       97%         2
 Static Discharge         Conj/Air       0%         2-2/arc   97%         2
 Airstrike                Air            0%         2d(0-16)  100%        4
 Cause Fear               Hex            0%         N/A       100%        4
 Olgreb's Toxic Radiance  Pois           0%         N/A       100%        4
 Fireball                 Conj/Fire      0%         3d3       100%        5
 Summon Lightning Spire   Summ/Air       Unusable   N/A       N/A         4
 Dragon's Call            Summ           Unusable   N/A       N/A         9

Dungeon Overview and Level Annotations

Branches:
Dungeon (10/15) Zot: 26595  Temple (1/1) D:4 Zot: 5989
   Lair: D:8-11         Orc: D:9-12

Altars:
Ashenzari
Cheibriados
Dithmenos
Fedhas
Gozag
Hepliaklqana
Kikubaaqudgha
Makhleb
Nemelex Xobeh
Okawaru
Qazlal
Ru
Sif Muna
Trog
Uskayaw
Vehumet
Wu Jian
Xom
Yredelemnul

Annotations:
D:3 Sigmund


Innate Abilities, Weirdness & Mutations

You are partially covered in slimy green scales. (AC +2)
You are partially covered in sharp spines.
A meltable shield of frost defends you. (SH +0)
You have a small tail.


Message History

The sky beast flickers out of sight!
You barely miss the steam dragon.
The steam dragon is severely wounded.
You are engulfed in a cloud of scalding steam.
You hit the steam dragon but do no damage.
You tail-slap the steam dragon.
The steam dragon is almost dead.
You are engulfed in a cloud of scalding steam.
Something hits you but does no damage.
The steam dragon is struck by your spines.
The steam dragon bites you but does no damage.
The steam dragon claws you.
* * * LOW HITPOINT WARNING * * *
Something hits you.
* * * LOW HITPOINT WARNING * * *
Something shocks you.
* * * LOW HITPOINT WARNING * * *
Something hits you but does no damage. You block something's attack.
The steam dragon breathes steam at you.
The ball of steam hits something!
Reactivating autopickup.
You feel a bit more experienced.
The ball of steam hits you but does no damage.
The troll attacks as you move away! The troll bites you but does no damage.
The troll claws you!
* * * LOW HITPOINT WARNING * * *
The troll barely misses you.
Okay, then.
You feel very mighty all of a sudden. The troll bites you!
* * * LOW HITPOINT WARNING * * *
You block the troll's attack. The troll barely misses you.
You hit the steam dragon.
You kill the steam dragon!
Okawaru accepts your kill.
The steam dragon scales are intact enough to wear.
You block the troll's attack. The troll claws you but does no damage.
The troll claws you.
You die...

##..###.#.#.....## .#
#...###.#..#.....# .##
#..##.....##.....#....
##..##......#..........
##....#...§§............
#.........§§§...).......
###.#.....§§§...........
#.##................[.
#####.@..§............
#[T§.....#........
##.#.................
#.....#....#.........
#...§§§~~~~§.........
#...§§§≈≈≈≈≈§.
#...§§§.#..§≈~
#.#~≈≈.$)#$.≈~
#..~≈..###..≈~


You could see a troll.

Vanquished Creatures
  A two-headed ogre (D:9)
  A wizard (D:9)
  Pikel (D:5)
  Psyche (D:9)
  2 trolls (D:9)
  A hornet (D:7)
  A wraith (D:9)
  4 yaks
  A small abomination (D:9)
  3 wyverns
  2 steam dragons
  2 water moccasins (D:5)
  2 black bears (D:6)
  2 orc warriors (D:6)
  4 sky beasts
  6 ice beasts
  2 ogres
  4 centaurs
  A phantom (D:4)
  3 kobold brigands
  4 bullfrogs
  A gnoll sergeant (D:6)
  7 wights
  15 killer bees
  An electric eel (D:9)
  11 howler monkeys
  An orc priest (D:5)
  7 hounds
  A jelly (D:6)
  A gnoll bouda (D:6)
  2 iguanas
  A sleepcap (D:4)
  3 orc wizards
  12 gnolls
  7 adders
  2 shadow imps (D:7)
  3 white imps
  A howler monkey simulacrum (D:9)
  An ufetubus (D:9)
  A worm (D:2)
  2 dart slugs
  11 orcs
  3 ball pythons
  4 endoplasms
  5 giant cockroaches
  5 goblins
  6 hobgoblins
  20 kobolds
  4 quokkas
  3 bats
  4 frilled lizards
  3 rats (D:1)
196 creatures vanquished.

Vanquished Creatures (others)
  Maurice (D:8)
  A sky beast (D:10)
2 creatures vanquished.

Grand Total: 198 creatures vanquished

Notes
Turn   | Place    | Note
-------+----------+-------------------------------------------
     0 | D:1      | lessens the Demonspawn Fighter began the quest for the Orb.
     0 | D:1      | Reached XP level 1. HP: 18/18 MP: 1/1
    87 | D:1      | Reached skill level 2 in Axes
   638 | D:1      | Gained mutation: A meltable shield of frost defends you.
                  | (SH +0) [demonic ancestry]
   638 | D:1      | Reached XP level 2. HP: 24/24 MP: 2/2
  1009 | D:2      | Reached skill level 3 in Axes
  1121 | D:2      | Reached XP level 3. HP: 21/29 MP: 3/3
  1682 | D:2      | Reached skill level 4 in Axes
  1682 | D:2      | Reached XP level 4. HP: 22/35 MP: 4/4
  2018 | D:3      | Noticed Sigmund
  2172 | D:3      | Identified the +0 ring mail of Qyucurph {Rampage Int+3
                  | Slay-3 SInv}
  3040 | D:4      | Reached XP level 5. HP: 29/41 MP: 5/5
  3135 | D:4      | Reached skill level 5 in Axes
  3346 | D:4      | Noticed a phantom
  3370 | D:4      | Killed a phantom
  3371 | D:4      | Reached XP level 6. HP: 41/47 MP: 6/6
  3455 | D:4      | Reached skill level 6 in Axes
  3665 | D:4      | Found a basalt altar of Yredelemnul.
  3686 | D:4      | Found a staircase to the Ecumenical Temple.
  3695 | Temple   | Entered the Ecumenical Temple
  3700 | Temple   | Became a worshipper of Warmaster Okawaru
  4113 | D:5      | Entered Level 5 of the Dungeon
  4574 | D:5      | Noticed a water moccasin
  4588 | D:5      | Killed a water moccasin
  4589 | D:5      | Reached skill level 7 in Axes
  4589 | D:5      | Gained mutation: You are partially covered in slimy green
                  | scales. (AC +2) [demonic ancestry]
  4589 | D:5      | Reached XP level 7. HP: 39/52 MP: 7/7
  4701 | D:5      | Noticed Pikel
  4723 | D:5      | Killed Pikel
  4723 | D:5      | Reached * piety under Okawaru
  4724 | D:5      | Reached skill level 8 in Axes
  4925 | D:5      | Found a sparkling altar of Nemelex Xobeh.
  4927 | D:5      | Found an opulent altar of Gozag.
  4928 | D:5      | Found a blossoming altar of Fedhas.
  4932 | D:5      | Reached XP level 8. HP: 58/58 MP: 8/8
  4932 | D:5      | Found a shadowy altar of Dithmenos.
  4933 | D:5      | Found a snail-covered altar of Cheibriados.
  5048 | D:5      | Reached skill level 9 in Axes
  5510 | D:6      | Reached ** piety under Okawaru
  5932 | D:6      | Reached skill level 10 in Axes
  6009 | D:6      | Reached skill level 1 in Invocations
  6515 | D:6      | Reached *** piety under Okawaru
  6516 | D:6      | Gained mutation: You have a small tail. [demonic ancestry]
  6516 | D:6      | Reached XP level 9. HP: 35/63 MP: 11/11
  6725 | D:6      | Reached skill level 11 in Axes
  8123 | D:7      | Reached **** piety under Okawaru
  8435 | D:7      | Reached skill level 5 in Fighting
  8435 | D:7      | Reached skill level 12 in Axes
  8880 | D:7      | Found an ornate altar of the Wu Jian Council.
  9167 | D:7      | Identified the +1 dagger of the Bellicose God {flame, rPois
                  | rN+ rCorr}
  9264 | D:8      | Reached XP level 10. HP: 60/69 MP: 13/13
  9462 | D:8      | Noticed Maurice
  9479 | D:8      | Killed Maurice
 10300 | D:8      | Found a stormy altar of Qazlal.
 10300 | D:8      | Found a sacrificial altar of Ru.
 10300 | D:8      | Found a shimmering blue altar of Sif Muna.
 10782 | D:9      | Reached skill level 5 in Invocations
 10819 | D:9      | Reached ***** piety under Okawaru
 10844 | D:9      | Noticed a two-headed ogre
 11124 | D:9      | Reached skill level 13 in Axes
 11879 | D:9      | Noticed Psyche
 12264 | D:9      | Killed a two-headed ogre
 12270 | D:9      | Killed Psyche
 12652 | D:9      | Noticed a wizard
 12673 | D:9      | Killed a wizard
 12674 | D:9      | Gained mutation: You are partially covered in sharp spines.
                  | [demonic ancestry]
 12674 | D:9      | Reached XP level 11. HP: 76/81 MP: 16/16
 12723 | D:9      | Noticed a large abomination
 12762 | D:10     | Entered Level 10 of the Dungeon
 12937 | D:9      | Reached skill level 14 in Axes
 12983 | D:10     | Identified the +0 cloak of a Billion Tales {Str+2 Slay+3}
                  | (Okawaru gifted it to you on level 10 of the Dungeon)
 12983 | D:10     | Received a gift from Okawaru
 13174 | D:10     | HP: 1/81 [troll (9)]
 13175 | D:10     | Slain by a troll

Illustrated notes

Levels and vault maps discovered:
D:1:      nicolae_arrival_somewhat_less_tricky_arrival, layout_loops_corners
D:2:      layout_basic
D:3:      layout_loops_corners, lemuel_round_altar, uniq_sigmund
D:4:      layout_basic, general_overflow_altar, minmay_temple_entry_slanted
D:5:      layout_cave_pods, grunt_temple_overflow_open, serial_glass,
          glass_columns_a, glass_columns_a, glass_columns_b, glass_columns_b,
          uniq_pikel
D:6:      minmay_thinvault, layout_loops_ring, nicolae_underground_beach
D:7:      wad_river_or_something, layout_rooms, nicolae_wu_jian_glorious_leap,
          minmay_stone_trees_large
D:8:      layout_loops_ring, gammafunk_temple_overflow_claw, uniq_maurice
D:9:      layout_roguey, serial_ice, serial_ice_g, serial_ice_l, serial_ice_a,
          serial_ice_b, minmay_strange_pillars, laboratory, uniq_psyche
D:10:     layout_cave_pools, minivault_25_ag, hangedman_misty_isle
Temple:   nicolae_temple_bog_church

Skill      XL: |  1  2  3  4  5  6  7  8  9 10 11 |
---------------+----------------------------------+-----
Axes           | 2 3 4 5 7 8 10 12 13 14 | 14.1
Invocations    | 3 4 7 |  7.9
Fighting       | 5 |  5.9
Armour         | |  2.6
Shields        | |  2.6

Action                     |  1- 3 |  4- 6 |  7- 9 | 10-12 || total
---------------------------+-------+-------+-------+-------++-------
  Melee: War axe           |   111 |   205 |   225 |     4 ||   545
         Whip              |       |       |   198 |   416 ||   614
         Tailslap          |       |       |    29 |    57 ||    86
         Unarmed           |       |       |       |     3 ||     3
  Throw: Dart              |       |       |       |     1 ||     1
  Evoke: Wand              |       |       |       |     2 ||     2
    Use: Scroll            |       |     3 |     6 |     2 ||    11
         Potion            |       |     1 |     3 |     4 ||     8
 Armour: Scale mail        |    44 |    91 |   135 |   162 ||   432
  Dodge: Dodged            |    31 |    62 |   124 |   110 ||   327
  Block: Buckler           |    40 |    64 |    76 |       ||   180
         Kite shield       |       |       |   129 |   240 ||   369

Table legend: (Time is in decaauts)
 A = Elapsed time spent in this place.
 B = Non-inter-level travel time spent in this place.
 C = Inter-level travel time spent in this place.
 D = Time resting spent in this place.
 E = Time spent auto-exploring this place.
 F = Levels seen in this place.
 G = Mean time per level.
                   A        B        C        D        E       F      G
               +--------+--------+--------+--------+--------+-----+--------+
         Total |  13189 |  12630 |    559 |   1782 |   8517 |  11 | 1199.0 |
       Dungeon |  13178 |  12624 |    554 |   1782 |   8517 |  10 | 1317.8 |
        Temple |     10 |      5 |      5 |      0 |      0 |   1 |   10.0 |
               +--------+--------+--------+--------+--------+-----+--------+

Top non-repeatable levels by time:
     D:6: 2025 daAuts
     D:9: 1923 daAuts
     D:7: 1630 daAuts
     D:8: 1576 daAuts
     D:4: 1405 daAuts
     D:5: 1301 daAuts
     D:3: 1072 daAuts
     D:1: 1033 daAuts
     D:2: 835 daAuts
    D:10: 374 daAuts
  Temple: 10 daAuts

Levels and vault maps discovered:
D:1:      nicolae_arrival_somewhat_less_tricky_arrival, layout_loops_corners
D:2:      layout_basic
D:3:      layout_loops_corners, lemuel_round_altar, uniq_sigmund
D:4:      layout_basic, general_overflow_altar, minmay_temple_entry_slanted
D:5:      layout_cave_pods, grunt_temple_overflow_open, serial_glass,
          glass_columns_a, glass_columns_a, glass_columns_b, glass_columns_b,
          uniq_pikel
D:6:      minmay_thinvault, layout_loops_ring, nicolae_underground_beach
D:7:      wad_river_or_something, layout_rooms, nicolae_wu_jian_glorious_leap,
          minmay_stone_trees_large
D:8:      layout_loops_ring, gammafunk_temple_overflow_claw, uniq_maurice
D:9:      layout_roguey, serial_ice, serial_ice_g, serial_ice_l, serial_ice_a,
          serial_ice_b, minmay_strange_pillars, laboratory, uniq_psyche
D:10:     layout_cave_pools, minivault_25_ag, hangedman_misty_isle
Temple:   nicolae_temple_bog_church
